 Dungeon Crawl Stone Soup version 0.28.0-53-g5a82cb258f (webtiles) character file.

Game seed: 18233444805938911838

2 Elmgren the Skirmisher (level 1, 19/19 HPs)
             Began as a Minotaur Abyssal Knight on Aug 6, 2022.
             Was an Initiate of Lugonu.
             Quit the game on level 1 of the Dungeon.
             The game lasted 00:01:30 (183 turns).

Elmgren the Skirmisher (Minotaur Abyssal Knight)     Turns: 183, Time: 00:01:31

Health: 19/19      AC:  3    Str: 17    XL:     1   Next: 33%
Magic:  1/1        EV: 11    Int:  7    God:    Lugonu [......]
Gold:   11         SH:  0    Dex: 10    Spells: 0/0 levels left

rFire   . . .      SeeInvis .   a - +1 mace
rCold   . . .      Faith    .   (no shield)
rNeg    . . .      Spirit   .   b - +0 leather armour
rPois   .          Reflect  .   (helmet restricted)
rElec   .          Harm     .   (no cloak)
rCorr   .          Rampage  .   (no gloves)
Will    .....                   (no boots)
Stlth   +.........              (no amulet)
HPRegen 0.06/turn               (no ring)
MPRegen 0.07/turn               (no ring)

@: no status effects
A: horns 2, retaliatory headbutt
a: Renounce Religion


You were on level 1 of the Dungeon.
You worshipped Lugonu.
Lugonu was noncommittal.
You visited 1 branch of the dungeon, and saw 1 of its levels.
You visited the Abyss 1 time.

You collected 11 gold pieces.

Inventory:

Hand Weapons
 a - a +1 mace (weapon)
Armour
 b - a +0 leather armour (worn)
Jewellery
 c - an amulet of guardian spirit
Scrolls
 d - a scroll of teleportation {unknown}


   Skills:
 - Level 3.6 Fighting
 + Level 2.8 Maces & Flails
 - Level 2.4 Armour
 - Level 1.1 Dodging
 - Level 1.7 Invocations


You couldn't memorise any spells.
You didn't know any spells.
Your spell library contained the following spells:

 Spells                   Type           Power      Damage    Failure   Level
 Inner Flame              Hex/Fire       0%         N/A       86%         3
 Cause Fear               Hex            0%         N/A       99%         4
 Discord                  Hex            0%         N/A       100%        8


Dungeon Overview and Level Annotations

Branches:
Dungeon (1/15)

Altars:


Innate Abilities, Weirdness & Mutations

You have a pair of horns on your head.
You reflexively headbutt those who attack you in melee.


Message History

Alright, then stay!
Found a dagger.
c - an amulet of guardian spirit You now have 11 gold pieces.
Magic restored.
You see here a +0 dagger.
You pick up a book of Hexes and begin reading...
You add the spells Inner Flame, Cause Fear and Discord to your library.
A quokka and a goblin come into view.
The goblin shouts!
Found a hand axe.
You see here a scroll labelled HEVEKAOTWU.
The quokka barely misses you.
You closely miss the quokka. The quokka barely misses you.
You miss the quokka. The quokka barely misses you. x2
You barely miss the quokka.
The quokka bites you but does no damage.
You barely miss the quokka. Your headbutt misses the quokka.
The quokka bites you but does no damage.
The quokka barely misses you.
You hit the quokka but do no damage.
The quokka bites you but does no damage.
You hit the quokka.
The quokka is moderately wounded.
The quokka barely misses you. The quokka bites you.
You hit the quokka.
You kill the quokka!
Lugonu accepts your kill.
You closely miss the goblin. The goblin hits you but does no damage.
The goblin closely misses you.
You barely miss the goblin. You headbutt the goblin.
You kill the goblin!
Lugonu accepts your kill.
Things that are here:
a +0 dagger; a goblin corpse; a quokka corpse
d - a scroll labelled HEVEKAOTWU Number of times to repeat, then command key: You must enter the number of times for the command to repeat.
Unknown command.
Are you sure you want to abandon this character and quit the game? (Confirm with "yes".)

#.)...##.........###
###.##...............#
#......#..#.##.##..###
#.#.......#..........#
#.#.#####.####.#####.#
#.#.......####.# .#
#.#######......# ###.
#.# #########... #.#
#@........# #.#####
#)........# #.....#
#.........# #.....#
#.........# #.#####
#.........#.## #.#
#######.#..... #.#
#..).....## #.#
#.##.##..... #.#
#.##... ....


There were no monsters in sight!

Vanquished Creatures
  A goblin (D:1)
  A quokka (D:1)
2 creatures vanquished.

Notes
Turn   | Place    | Note
-------+----------+-------------------------------------------
     0 | Abyss:1  | Elmgren the Minotaur Abyssal Knight began the quest for the
                  | Orb.
     0 | Abyss:1  | Reached XP level 1. HP: 19/19 MP: 1/1
    78 | Abyss:1  | Noticed a smoke demon
    79 | D:1      | Escaped the Abyss
   183 | D:1      | Quit the game

Illustrated notes

Levels and vault maps discovered:
D:1:      mrwooster_arrival_statue, layout_loops_cross

Action                   || total
-------------------------++-------
Melee: Mace              ||     9
       Headbutt          ||     1
Invok: Depart the Abyss  ||     1
Armor: Leather armour    ||     4
Dodge: Dodged            ||     7
